 Seeded DCSS version 0.28.0-45-g0d030f2227 (webtiles) character file.

Game seed: 12475640362900852859 (custom seed)

6 Gelion the Grave Robber (level 1, 0/10 HPs)
             Began as a Deep Elf Necromancer on Apr 25, 2022.
             Slain by a quokka (4 damage)
             ... on level 1 of the Dungeon.
             The game lasted 00:00:42 (377 turns).

Gelion the Grave Robber (Deep Elf Necromancer)       Turns: 377, Time: 00:00:42

Health: 0/10       AC:  2    Str:  5    XL:     1   Next: 75%
Magic:  0/6        EV: 12    Int: 19    God:
Gold:   0          SH:  0    Dex: 15    Spells: 5/6 levels left

rFire   . . .      SeeInvis .   (no weapon)
rCold   . . .      Faith    .   (no shield)
rNeg    . . .      Spirit   .   a - +0 robe
rPois   .          Reflect  .   (no helmet)
rElec   .          Harm     .   (no cloak)
rCorr   .          Rampage  .   (no gloves)
Will    .....                   (no boots)
Stlth   ++........              (no amulet)
HPRegen 0.03/turn               (no ring)
MPRegen 0.10/turn               (no ring)

@: no status effects
A: no striking features
a: no special abilities


You were on level 1 of the Dungeon.
You visited 1 branch of the dungeon, and saw 1 of its levels.

Inventory:

Armour
 a - a +0 robe (worn)
Potions
 b - a potion of flight {unknown}


   Skills:
 + Level 2.6 Dodging
 - Level 2.4 Stealth
 + Level 3.1 Spellcasting
 * Level 5.0 Necromancy


You had 5 spell levels left.
You knew the following spells:

 Your Spells              Type           Power      Damage    Failure   Level
a - Pain                  Necr           88%        1d8       1%          1

Your spell library contained the following spells:

 Spells                   Type           Power      Damage    Failure   Level
 Animate Skeleton         Necr           44%        N/A       1%          1
 Vampiric Draining        Necr           22%        2d7       5%          3
 Animate Dead             Necr           11%        N/A       19%         4
 Agony                    Necr           22%        N/A       45%         5


Dungeon Overview and Level Annotations

Branches:
Dungeon (1/15)

Altars:


Message History

Casting: Pain (safe; 1% risk of failure)
Confirm with . or Enter, or press ? or * to list all spells.
Aiming: Pain (safe; 1% risk of failure)
Press: ? - help, Shift-Dir - straight line, f/p - jackal
Aim: a jackal (almost dead, chance to affect: 90%)
The jackal writhes in agony.
You kill the jackal!
The goblin shouts!
Casting: Pain (safe; 1% risk of failure)
Confirm with . or Enter, or press ? or * to list all spells.
Aiming: Pain (safe; 1% risk of failure)
Press: ? - help, Shift-Dir - straight line, f - jackal
Aim: a jackal (chance to affect: 90%)
The jackal writhes in agony!
You kill the jackal!
Your Necromancy skill increases to level 5!
Casting: Pain (safe; 1% risk of failure)
Confirm with . or Enter, or press ? or * to list all spells.
Aiming: Pain (safe; 1% risk of failure)
Press: ? - help, Shift-Dir - straight line, f - jackal
Aim: a jackal (chance to affect: 91%)
The jackal writhes in agony.
Casting: Pain (safe; 1% risk of failure)
Confirm with . or Enter, or press ? or * to list all spells.
Aiming: Pain (safe; 1% risk of failure)
Press: ? - help, Shift-Dir - straight line, f/p - jackal
Aim: a jackal (almost dead, chance to affect: 91%)
The jackal writhes in agony!
You kill the jackal!
There is a stone staircase leading down here.
The quokka twitches its whiskers.
Casting: Pain (safe; 1% risk of failure)
Confirm with . or Enter, or press ? or * to list all spells.
Aiming: Pain (safe; 1% risk of failure)
Press: ? - help, Shift-Dir - straight line, f - quokka
Aim: a quokka (chance to affect: 91%)
The quokka writhes in agony.
The quokka bites you but does no damage.
The quokka bites you.
You die...

........#####...
.#..>.†g.....
...(.#.######...
.....#.# . #(#.#
#.#g# #.#.#
#.#r# #.@.#
#########..##
#..........#
#..........#
#####..........#
#........###...#
#.......##.##..#
#)......#...#..#
#.......+.<.'..#


You could see a quokka and a goblin.

Vanquished Creatures
  3 jackals (D:1)
  A bat (D:1)
  A frilled lizard (D:1)
  A kobold (D:1)
6 creatures vanquished.

Notes
Turn   | Place    | Note
-------+----------+-------------------------------------------
     0 | D:1      | Gelion the Deep Elf Necromancer began the quest for the
                  | Orb.
     0 | D:1      | Reached XP level 1. HP: 10/10 MP: 6/6
   367 | D:1      | Reached skill level 5 in Necromancy
   377 | D:1      | Slain by a quokka

Illustrated notes

Levels and vault maps discovered:
D:1:      dpeg_arrival_shelter, layout_basic, chequers_serial_rivers_micro_a,
          minivault_14, chequers_decorated_corner, kennysheep_decorative_pillar,
          corexii_hall_statues_deadend, hex_medium, nicolae_figureground_sparkle

Skill      XL: |  1 |
---------------+----+-----
Necromancy     | 5 |  5.0
Dodging        | |  2.6
Stealth        | |  2.4
Spellcasting   | |  3.1

Action                   || total
-------------------------++-------
 Cast: Pain              ||    12
Armor: Robe              ||     1
